TOP OF THE 1ST |
Santa Fe Diablos batting - Pitching for Wichita Wranglers : LHP Jesús Martínez
|
Pitching: LHP Jesús Martínez
|
|
Batting: RHB Arnold Harmon
|
0-0: Called Strike 0-1: Called Strike 0-2: TRIPLE (Flyball, 89XD)
|
Batting: SHB António Hernández
|
0-0: Called Strike 0-1: Foul Ball, location: 2F 0-2: Foul Ball, location: 2F 0-2: Foul Ball, location: 2F 0-2: Ball 1-2: Ball 2-2: Ball 3-2: Foul Ball, location: 2F 3-2: Base on Balls
|
Batting: RHB Iván Gonzáles
|
0-0: Ball 1-0: Ball 2-0: Ball 3-0: Base on Balls António Hernández to second
|
Batting: LHB Roberto Sandoval
|
0-0: Ball 1-0: Swinging Strike 1-1: Foul Ball, location: 2F 1-2: Ball 2-2: Ball 3-2: Base on Balls Arnold Harmon scores António Hernández to third Iván Gonzáles to second
|
Batting: RHB Wallace Greene
|
0-0: Swinging Strike 0-1: Ball 1-1: Foul Ball, location: 2F 1-2: Strikes out looking
|
Batting: RHB Ánibal Gonzáles
|
0-0: Swinging Strike 0-1: Called Strike 0-2: Ball 1-2: Ball 2-2: Ball 3-2: Base on Balls António Hernández scores Iván Gonzáles to third Roberto Sandoval to second
|
Batting: RHB Keith Jones
|
0-0: Foul Ball, location: 2F 0-1: Fly out, F7 (Flyball, 78M) Runner from 3rd tags up, SCORES, throw made
|
Batting: RHB Henning Huisman
|
0-0: Called Strike 0-1: Called Strike 0-2: Ball 1-2: Strikes out looking
|
Top of the 1st over - 3 run(s), 1 hit(s), 0 error(s), 2 left on base; Santa Fe 3 - Wichita 0 |
BOTTOM OF THE 1ST |
Wichita Wranglers batting - Pitching for Santa Fe Diablos : RHP Júlio Torres
|
Pitching: RHP Júlio Torres
|
|
Batting: SHB Martín Medina
|
0-0: Ball 1-0: Foul Ball, location: 2F 1-1: Foul Ball, location: 2F 1-2: Foul Ball, location: 2F 1-2: Ball 2-2: Strikes out looking
|
Batting: RHB António Gonzáles
|
0-0: Ball 1-0: Foul Ball, location: 2F 1-1: Foul Ball, location: 2F 1-2: Strikes out swinging
|
Batting: RHB Gustavo Díaz
|
0-0: Ball 1-0: Called Strike 1-1: Swinging Strike 1-2: Strikes out swinging
|
Bottom of the 1st over - 0 run(s), 0 hit(s), 0 error(s), 0 left on base; Santa Fe 3 - Wichita 0 |
TOP OF THE 2ND |
Santa Fe Diablos batting - Pitching for Wichita Wranglers : LHP Jesús Martínez
|
Batting: LHB Víctor Carrillo
|
0-0: Foul Ball, location: 2F 0-1: Fly out, F8 (Flyball, 8RM)
|
Batting: RHB Arnold Harmon
|
0-0: Called Strike 0-1: Fly out, F9 (Flyball, 89D)
|
Batting: SHB António Hernández
|
0-0: Ball 1-0: Ball 2-0: Ball 3-0: Called Strike 3-1: Base on Balls
|
Batting: RHB Iván Gonzáles
|
0-0: Ball 1-0: Called Strike 1-1: Ball 2-1: Ball 3-1: Foul Ball, location: 2F 3-2: Fly out, F8 (Flyball, 8RD)
|
Top of the 2nd over - 0 run(s), 0 hit(s), 0 error(s), 1 left on base; Santa Fe 3 - Wichita 0 |
BOTTOM OF THE 2ND |
Wichita Wranglers batting - Pitching for Santa Fe Diablos : RHP Júlio Torres
|
Batting: RHB Bob Hall
|
0-0: Ground out 6-3 (Groundball, 6)
|
Batting: RHB George Clark
|
0-0: Swinging Strike 0-1: Swinging Strike 0-2: Ball 1-2: Strikes out swinging
|
Batting: LHB Mario Cornelo
|
0-0: Foul Ball, location: 2F 0-1: Called Strike 0-2: Foul Ball, location: 2F 0-2: Strikes out looking
|
Bottom of the 2nd over - 0 run(s), 0 hit(s), 0 error(s), 0 left on base; Santa Fe 3 - Wichita 0 |
TOP OF THE 3RD |
Santa Fe Diablos batting - Pitching for Wichita Wranglers : LHP Jesús Martínez
|
Batting: LHB Roberto Sandoval
|
0-0: Ground out 3-1 (Groundball, 34)
|
Batting: RHB Wallace Greene
|
0-0: Foul Ball, location: 2F 0-1: Ball 1-1: Fly out, F7 (Flyball, 7LMF)
|
Batting: RHB Ánibal Gonzáles
|
0-0: Swinging Strike 0-1: Ball 1-1: Ground out 4-3 (Groundball, 4)
|
Top of the 3rd over - 0 run(s), 0 hit(s), 0 error(s), 0 left on base; Santa Fe 3 - Wichita 0 |
BOTTOM OF THE 3RD |
Wichita Wranglers batting - Pitching for Santa Fe Diablos : RHP Júlio Torres
|
Batting: RHB Felipe Rivas
|
0-0: Ball 1-0: Ball 2-0: Ball 3-0: Base on Balls
|
Batting: RHB Andrés Lara
|
0-0: Called Strike 0-1: Ball 1-1: Called Strike 1-2: Ball 2-2: Ball 3-2: Reached on Error, E7 (Flyball, 7D) Felipe Rivas to third
|
Batting: RHB Dave Henderson
|
0-0: Ball 1-0: Foul Ball, location: 2F 1-1: Fly out, F5 (Popup, 5F)
|
Batting: SHB Martín Medina
|
0-0: Ball 1-0: Ball 2-0: Called Strike 2-1: Called Strike 2-2: Ball 3-2: Fly out, F7 (Flyball, 78D) Runner from 3rd tags up, SCORES, no throw
|
Batting: RHB António Gonzáles
|
0-0: Called Strike 0-1: Ball 1-1: Ball 2-1: SINGLE (Flyball, 8RS) Andrés Lara to third Runner from 3rd tries for Home, SAFE, no throw or cutoff
|
Batting: RHB Gustavo Díaz
|
0-0: Ground out 5-3 (Groundball, 5S)
|
Bottom of the 3rd over - 2 run(s), 1 hit(s), 1 error(s), 1 left on base; Santa Fe 3 - Wichita 2 |
TOP OF THE 4TH |
Santa Fe Diablos batting - Pitching for Wichita Wranglers : LHP Jesús Martínez
|
Batting: RHB Keith Jones
|
0-0: Ground out 6-3 (Groundball, 6)
|
Batting: RHB Henning Huisman
|
0-0: Fly out, F3 (Line Drive, 3)
|
Batting: LHB Víctor Carrillo
|
0-0: Ball 1-0: Ball 2-0: Ground out 6-3 (Groundball, 6M)
|
Top of the 4th over - 0 run(s), 0 hit(s), 0 error(s), 0 left on base; Santa Fe 3 - Wichita 2 |
BOTTOM OF THE 4TH |
Wichita Wranglers batting - Pitching for Santa Fe Diablos : RHP Júlio Torres
|
Batting: RHB Bob Hall
|
0-0: Ball 1-0: Ball 2-0: Fly out, F9 (Line Drive, 89M)
|
Batting: RHB George Clark
|
0-0: Swinging Strike 0-1: Swinging Strike 0-2: Ball 1-2: Strikes out swinging
|
Batting: LHB Mario Cornelo
|
0-0: Fly out, F5 (Popup, 25F)
|
Bottom of the 4th over - 0 run(s), 0 hit(s), 0 error(s), 0 left on base; Santa Fe 3 - Wichita 2 |
TOP OF THE 5TH |
Santa Fe Diablos batting - Pitching for Wichita Wranglers : LHP Jesús Martínez
|
Batting: RHB Arnold Harmon
|
0-0: Ball 1-0: Foul Ball, location: 2F 1-1: Fly out, F8 (Line Drive, 8LS)
|
Batting: SHB António Hernández
|
0-0: Called Strike 0-1: Ball 1-1: Foul Ball, location: 2F 1-2: Reached on error, E6 (Groundball, 6M)
|
Batting: RHB Iván Gonzáles
|
0-0: Intentional Walk
|
Batting: LHB Roberto Sandoval
|
0-0: SINGLE (Groundball, 4MD) António Hernández to third Iván Gonzáles to second Runner from 3rd tries for Home, SAFE, throw made home
|
Batting: RHB Wallace Greene
|
0-0: Fielders Choice at 2nd, 6-4 (Groundball, 6) Iván Gonzáles to third
|
Batting: RHB Ánibal Gonzáles
|
0-0: Ball 1-0: Ball 2-0: Foul Ball, location: 2F 2-1: Ball 3-1: Base on Balls Wallace Greene to second
|
Batting: RHB Keith Jones
|
0-0: Foul Ball, location: 2F 0-1: Ball 1-1: Ball 2-1: GRAND SLAM HOME RUN (Flyball, 78XD), Distance : 387 ft
|
Pitching: RHP Doug Adams
|
|
Batting: RHB Henning Huisman
|
0-0: Swinging Strike 0-1: Fly out, F1 (Popup, 13)
|
Top of the 5th over - 5 run(s), 2 hit(s), 1 error(s), 0 left on base; Santa Fe 8 - Wichita 2 |
BOTTOM OF THE 5TH |
Wichita Wranglers batting - Pitching for Santa Fe Diablos : RHP Júlio Torres
|
Batting: RHB Felipe Rivas
|
0-0: Bunted foul 0-1: Swinging Strike 0-2: Ball 1-2: Ball 2-2: Foul Ball, location: 2F 2-2: Strikes out swinging
|
Batting: RHB Andrés Lara
|
0-0: Ball 1-0: Foul Ball, location: 2F 1-1: Ground out 4-3 (Groundball, 4)
|
Batting: RHB Dave Henderson
|
0-0: Called Strike 0-1: Ball 1-1: Swinging Strike 1-2: Strikes out looking
|
Bottom of the 5th over - 0 run(s), 0 hit(s), 0 error(s), 0 left on base; Santa Fe 8 - Wichita 2 |
TOP OF THE 6TH |
Santa Fe Diablos batting - Pitching for Wichita Wranglers : RHP Doug Adams
|
Batting: LHB Víctor Carrillo
|
0-0: Called Strike 0-1: Ball 1-1: Ball 2-1: Foul Ball, location: 2F 2-2: SINGLE (Line Drive, 89S)
|
Batting: RHB Arnold Harmon
|
0-0: SINGLE (Line Drive, 6M) Víctor Carrillo to second Runner from 2nd tries for 3rd, SAFE, throw made to third Arnold Harmon to second
|
Batting: SHB António Hernández
|
0-0: Ball 1-0: Called Strike 1-1: Ball 2-1: Foul Ball, location: 2F 2-2: Ball 3-2: Foul Ball, location: 2F 3-2: Base on Balls
|
Batting: RHB Iván Gonzáles
|
0-0: GRAND SLAM HOME RUN (Flyball, 7D), Distance : 367 ft
|
Pitching: RHP Pedro Martínez
|
|
Batting: LHB Roberto Sandoval
|
0-0: Swinging Strike 0-1: Swinging Strike 0-2: Ball 1-2: Foul Ball, location: 2F 1-2: Ball 2-2: Fly out, F8 (Flyball, 8RM)
|
Batting: RHB Wallace Greene
|
0-0: Called Strike 0-1: Foul Ball, location: 2F 0-2: Strikes out swinging
|
Batting: RHB Ánibal Gonzáles
|
0-0: Ball 1-0: Ground out U3 (Groundball, 3L)
|
Top of the 6th over - 4 run(s), 3 hit(s), 0 error(s), 0 left on base; Santa Fe 12 - Wichita 2 |
BOTTOM OF THE 6TH |
Wichita Wranglers batting - Pitching for Santa Fe Diablos : RHP Júlio Torres
|
Batting: SHB Martín Medina
|
0-0: Ball 1-0: Swinging Strike 1-1: Reached on error, E6 (Groundball, 6)
|
Batting: RHB António Gonzáles
|
0-0: Called Strike 0-1: Ball 1-1: Called Strike 1-2: SINGLE (Line Drive, 78S) Martín Medina to third
|
Batting: RHB Gustavo Díaz
|
Reached via error on a dropped throw, E6 Martín Medina scores António Gonzáles to second
|
Batting: RHB Bob Hall
|
0-0: Swinging Strike 0-1: Grounds into double play, 6-4-3 (Groundball, 56) António Gonzáles to third
|
Batting: RHB George Clark
|
0-0: Ball 1-0: Ball 2-0: Called Strike 2-1: Called Strike 2-2: Strikes out looking
|
Bottom of the 6th over - 1 run(s), 1 hit(s), 2 error(s), 1 left on base; Santa Fe 12 - Wichita 3 |
TOP OF THE 7TH |
Santa Fe Diablos batting - Pitching for Wichita Wranglers : RHP Pedro Martínez
|
Batting: RHB Keith Jones
|
0-0: Called Strike 0-1: Swinging Strike 0-2: Strikes out swinging
|
Batting: RHB Henning Huisman
|
0-0: Ball 1-0: Ball 2-0: Fly out, F6 (Popup, 6D)
|
Batting: LHB Víctor Carrillo
|
0-0: Ball 1-0: Foul Ball, location: 2F 1-1: Swinging Strike 1-2: SINGLE (Groundball, 34D)
|
Batting: RHB Arnold Harmon
|
0-0: Called Strike 0-1: Foul Ball, location: 2F 0-2: Fly out, F9 (Flyball, 9LSF)
|
Top of the 7th over - 0 run(s), 1 hit(s), 0 error(s), 1 left on base; Santa Fe 12 - Wichita 3 |
BOTTOM OF THE 7TH |
Wichita Wranglers batting - Pitching for Santa Fe Diablos : RHP Júlio Torres
|
Batting: LHB Mario Cornelo
|
0-0: SINGLE (Line Drive, 7S)
|
Batting: RHB Felipe Rivas
|
0-0: Ball 1-0: Sac Bunt - play at first, batter OUT! 1-3 Mario Cornelo to second
|
Batting: RHB Andrés Lara
|
0-0: Ball 1-0: Ball 2-0: SINGLE (Groundball, 56D) Mario Cornelo to third Runner from 3rd tries for Home, throw and OUT! Andrés Lara to second
|
Batting: RHB Dave Henderson
|
0-0: Swinging Strike 0-1: Foul Ball, location: 2F 0-2: Ball 1-2: Ball 2-2: Foul Ball, location: 2F 2-2: Fly out, F9 (Flyball, 89M)
|
Bottom of the 7th over - 0 run(s), 2 hit(s), 0 error(s), 1 left on base; Santa Fe 12 - Wichita 3 |
TOP OF THE 8TH |
Santa Fe Diablos batting - Pitching for Wichita Wranglers : RHP Pedro Martínez
|
Pitching: RHP Eric Hunt
|
|
Batting: SHB António Hernández
|
0-0: Ball 1-0: Ball 2-0: Called Strike 2-1: Ball 3-1: Base on Balls
|
Batting: RHB Iván Gonzáles
|
0-0: Called Strike 0-1: Fly out, F7 (Line Drive, 78S)
|
Batting: LHB Roberto Sandoval
|
0-0: Ball 1-0: Called Strike 1-1: Ball 2-1: Swinging Strike 2-2: Ball 3-2: Strikes out looking
|
Batting: RHB Wallace Greene
|
0-0: Swinging Strike 0-1: Called Strike 0-2: Strikes out looking
|
Top of the 8th over - 0 run(s), 0 hit(s), 0 error(s), 1 left on base; Santa Fe 12 - Wichita 3 |
BOTTOM OF THE 8TH |
Wichita Wranglers batting - Pitching for Santa Fe Diablos : RHP Júlio Torres
|
Pitching: RHP Jonathan Long
|
|
Now at C: Michael Anderson
|
|
Batting: SHB Martín Medina
|
0-0: Called Strike 0-1: Ground out 4-3 (Groundball, 4)
|
Batting: RHB António Gonzáles
|
0-0: Ball 1-0: Ball 2-0: Ball 3-0: Called Strike 3-1: Base on Balls
|
Batting: RHB Gustavo Díaz
|
0-0: Foul Ball, location: 2F 0-1: Swinging Strike 0-2: Ball 1-2: Ball 2-2: Strikes out swinging
|
Batting: RHB Bob Hall
|
0-0: Ball 1-0: Ball 2-0: Ball 3-0: Base on Balls António Gonzáles to second
|
Batting: RHB George Clark
|
0-0: Foul Ball, location: 2F 0-1: Ball 1-1: Swinging Strike 1-2: Ball 2-2: Foul Ball, location: 2F 2-2: Ball 3-2: Base on Balls António Gonzáles to third Bob Hall to second
|
Batting: LHB Mario Cornelo
|
0-0: Ball 1-0: Called Strike 1-1: Swinging Strike 1-2: Strikes out swinging
|
Bottom of the 8th over - 0 run(s), 0 hit(s), 0 error(s), 3 left on base; Santa Fe 12 - Wichita 3 |
TOP OF THE 9TH |
Santa Fe Diablos batting - Pitching for Wichita Wranglers : RHP Eric Hunt
|
Pinch Hitting: RHB Robinson Pacheco
|
0-0: Ball 1-0: SINGLE (Groundball, 56D)
|
Batting: RHB Keith Jones
|
0-0: Called Strike 0-1: Ball 1-1: Sac Bunt - play at first, batter OUT! 1-4 Robinson Pacheco to second
|
Batting: RHB Henning Huisman
|
0-0: Ball 1-0: Called Strike 1-1: Reached on Error, E9 (Flyball, 89S) Robinson Pacheco to third
|
Batting: LHB Víctor Carrillo
|
0-0: Called Strike Henning Huisman steals 2nd base 0-1: Ball 1-1: Swinging Strike 1-2: Ground out 3-6 (Groundball, 3L)
|
Batting: RHB Arnold Harmon
|
0-0: Foul Ball, location: 2F 0-1: Ground out 4-3 (Groundball, 4S)
|
Top of the 9th over - 0 run(s), 1 hit(s), 1 error(s), 2 left on base; Santa Fe 12 - Wichita 3 |
BOTTOM OF THE 9TH |
Wichita Wranglers batting - Pitching for Santa Fe Diablos : RHP Jonathan Long
|
Now at SS: Robinson Pacheco
|
|
Batting: RHB Felipe Rivas
|
0-0: Ball 1-0: Ball 2-0: Called Strike 2-1: Foul Ball, location: 2F 2-2: Ball 3-2: Ground out 6-3 (Groundball, 6M)
|
Pitching: LHP Doug Starks
|
|
Batting: RHB Andrés Lara
|
0-0: Foul Ball, location: 2F 0-1: Fly out, F4 (Popup, 3D)
|
Batting: RHB Dave Henderson
|
0-0: Ball 1-0: Called Strike 1-1: Ball 2-1: Foul Ball, location: 2F 2-2: Foul Ball, location: 2F 2-2: Strikes out looking
|
Bottom of the 9th over - 0 run(s), 0 hit(s), 0 error(s), 0 left on base; Santa Fe 12 - Wichita 3 |
|